 Dungeon Crawl Stone Soup version 0.30-a0-737-gf23d94013f (webtiles) character file.

Game seed: 12835625448455025579

11433 Gargoyl the Cleaver (level 11, -16/71 HPs)
             Began as a Gargoyle Berserker on Feb 1, 2023.
             Was an Elder of Trog.
             Demolished by a minotaur
             ... wielding a +0 scimitar
              (25 damage)
             ... in a Gauntlet.
             The game lasted 00:13:28 (9011 turns).

Gargoyl the Cleaver (Gargoyle Berserker)            Turns: 9011, Time: 00:13:28

Health: -16/71     AC: 22    Str: 23    XL:     11   Next: 77%
Magic:  11/11      EV: 13    Int:  8    God:    Trog [****..]
Gold:   444        SH:  0    Dex: 13    Spells: 10/10 levels left

rFire   + . .      SeeInvis .    x - +5 battleaxe
rCold   . . .      Faith    .    (shield currently unavailable)
rNeg    + . .      Spirit   .    d - +0 acid dragon scales
rPois   ∞          Reflect  .    l - +0 hat "Piad" {Rampage rF+ Str+2}
rElec   +          Harm     .    (no cloak)
rCorr   +          Rampage  +    f - +1 pair of gloves
Will    +++..      NoTele   +    (no boots)
Stlth   ++                       R - amulet of regeneration
HPRegen 2.11/turn                b - +4 ring of protection
MPRegen 0.12/turn                J - ring of willpower

@: strong-willed, regenerating, studying Axes
A: sickness immunity, AC +8, negative energy resistance 1, electricity
resistance, torment resistance 1, petrification resistance, talons 1
a: Renounce Religion, Berserk, Trog's Hand, Brothers in Arms


You were in a Gauntlet.
You worshipped Trog.
Trog was greatly pleased with you.
You visited 2 branches of the dungeon, and saw 10 of its levels.
You also visited: Bailey and Gauntlet.

You collected 766 gold pieces.
You spent 322 gold pieces at shops.

Inventory:

Hand Weapons
 a - a +0 hand axe
 e - a +1 war axe
 j - a +0 spear
 x - a +5 battleaxe (weapon)
 y - a +0 broad axe
 I - a +1 scimitar of flaming
Missiles
 k - 26 poisoned darts (quivered)
 t - 2 javelins
 G - 5 curare-tipped darts
 M - a throwing net
Armour
 d - +0 acid dragon scales (worn)
 f - a +1 pair of gloves (worn)
 l - the +0 hat "Piad" (worn) {Rampage rF+ Str+2}
   (You found it in a Gauntlet)

   Str:       It affects your strength (+2).
   rF:        It protects you from fire.
   Rampage:   It bestows one free step when moving towards enemies.
 q - a +0 buckler
 P - a +0 plate armour of fire resistance
Jewellery
 b - a +4 ring of protection (left hand)
 J - a ring of willpower (right hand)
 N - a ring of positive energy
 R - an amulet of regeneration (around neck)
Wands
 i - a wand of paralysis (26)
 s - a wand of quicksilver (14)
 B - a wand of digging (5)
 H - a wand of roots (11)
 K - a wand of flame (5)
 O - a wand of polymorph (6)
Scrolls
 h - 2 scrolls of immolation
 p - a scroll of magic mapping
 C - a scroll of amnesia {unknown}
 E - a scroll of enchant armour {unknown}
 F - a scroll of enchant weapon
 L - 2 scrolls of identify
 Q - a scroll of teleportation
Potions
 c - a potion of ambrosia
 g - 3 potions of flight
 m - 5 potions of heal wounds
 n - a potion of cancellation
 o - 2 potions of berserk rage {unknown}
 r - 3 potions of degeneration {unknown}
 u - 2 potions of mutation
 v - 2 potions of resistance {unknown}
 w - 7 potions of curing
 z - a potion of magic {unknown}
 A - 4 potions of lignification {unknown}
 D - 3 potions of might


   Skills:
 + Level 9.1 Fighting
 + Level 14.8 Axes
 + Level 0.1 Throwing
 + Level 6.3 Armour
 + Level 5.3 Dodging
 + Level 4.0 Stealth


You had 10 spell levels left.
You didn't know any spells.
Your spell library was empty.

Dungeon Overview and Level Annotations

Branches:
Dungeon (9/15)             Temple (0/1) D:7            Lair (1/5) D:9
 Bailey (visited)         Gauntlet (1/1)
    Orc: D:9-12

Altars:
Cheibriados
Fedhas
Gozag
Kikubaaqudgha
Makhleb
Nemelex Xobeh
The Shining One

Shops:
D:7 !

Annotations:
Gauntlet 6 transporters


Innate Abilities, Weirdness & Mutations

You are immune to sickness and miasma.
Your stone body is resilient. (AC +8)
You are immune to poison.
You resist negative energy. (rN+)
You are resistant to electric shocks. (rElec)
You are resistant to unholy torment.
You are immune to petrification.
You have sharp toenails.


Message History

A minotaur comes into view. It is wielding a +0 scimitar.
Found a barding.
Found a gate leading back out of this place.
You rampage towards the minotaur!
The minotaur bellows!
The minotaur throws a javelin.
The javelin pierces through you!
Your skin crawls.
You feel strong-willed.
You're still recovering from your berserk rage.
You rampage towards the minotaur!
You hit the minotaur.
The minotaur is lightly wounded.
You recover from your berserk rage.
The minotaur hits you but does no damage.
The minotaur gores you but does no damage.
You slash the minotaur!
You claw the minotaur, but do no damage.
The minotaur is moderately wounded.
The minotaur hits you with a +0 scimitar!!
The minotaur gores you but does no damage.
You hit the minotaur.
You claw the minotaur, but do no damage.
The minotaur is moderately wounded.
The minotaur hits you with a +0 scimitar!
The minotaur gores you.
You hit the minotaur but do no damage.
The minotaur is moderately wounded.
The minotaur barely misses you.
The minotaur gores you but does no damage.
You slash the minotaur! You claw the minotaur.
The minotaur is heavily wounded.
The minotaur hits you with a +0 scimitar!!
* * * LOW HITPOINT WARNING * * *
The minotaur gores you.
* * * LOW HITPOINT WARNING * * *
You closely miss the minotaur.
The minotaur furiously retaliates!
The minotaur headbutts you, but does no damage.
You claw the minotaur, but do no damage.
The minotaur is heavily wounded.
The minotaur hits you with a +0 scimitar!!
You die...

.. ### #. #∩#
#.##H# ..#@# .
#.#.# .#
###.##.#'###.##.
#...............
.##.##.##.##.##
#.##.##.##.##.##
#...............
##.##.##.##.##.
#.##.##.##.##.##


You could see a minotaur.

Vanquished Creatures
  A great orb of eyes (Gauntlet)
  Erica (D:9)
  An orc high priest (Bailey)
  A wizard (Gauntlet)
  An orc knight (Bailey)
  2 ugly things (Gauntlet)
  The ghost of DEFE the Cudgeller, a novice DsWn of Jiyva (D:7)
  Joseph (D:6)
  A kobold demonologist (Bailey)
  A troll (D:7)
  Prince Ribbit (D:8)
  3 shadows
  Sigmund (D:4)
  Eustachio (D:6)
  2 wyverns
  A steam dragon (D:9)
  A vampire mosquito (D:7)
  Grum (D:9)
  A water moccasin (D:6)
  An acid dragon (D:5)
  An ice beast (D:7)
  A black bear (D:6)
  14 orc warriors
  An ogre (D:6)
  2 wolves (D:9)
  2 centaurs
  4 kobold brigands
  5 bullfrogs
  A necrophage (D:6)
  A gnoll sergeant (D:7)
  3 scorpions
  13 wights
  4 killer bees (D:6)
  4 howler monkeys
  2 vampire bats (D:8)
  4 hounds
  3 iron imps (D:3)
  2 jellies
  A gnoll bouda (D:9)
  2 orc priests (D:8)
  7 iguanas
  Natasha (thrice) (D:4)
  4 orc wizards
  14 gnolls
  3 adders
  3 white imps
  An ufetubus (D:5)
  A worm (D:2)
  4 dart slugs
  30 orcs
  3 ball pythons
  A bat (D:1)
  5 bat skeletons (D:8)
  2 bat zombies (D:8)
  4 endoplasms
  5 giant cockroaches
  9 hobgoblins
  7 jackals
  30 kobolds
  3 quokkas
  2 frilled lizards
  16 goblins
  6 rats
257 creatures vanquished.

Vanquished Creatures (others)
  3 fungi (D:3)
  8 plants (D:3)
11 creatures vanquished.

Grand Total: 268 creatures vanquished

Notes
Turn   | Place    | Note
-------+----------+-------------------------------------------
     0 | D:1      | Gargoyl the Gargoyle Berserker began the quest for the Orb.
     0 | D:1      | Reached XP level 1. HP: 14/14 MP: 1/1
   178 | D:1      | Reached XP level 2. HP: 19/19 MP: 2/2
   335 | D:1      | Reached skill level 3 in Axes
   847 | D:2      | Reached XP level 3. HP: 22/23 MP: 3/3
  1055 | D:2      | Reached ** piety under Trog
  1577 | D:3      | Reached skill level 4 in Axes
  1577 | D:3      | Reached XP level 4. HP: 29/29 MP: 4/4
  1982 | D:3      | Found a burning altar of Makhleb.
  2004 | D:3      | Reached XP level 5. HP: 32/33 MP: 5/5
  2123 | D:3      | Found a faded altar of an unknown god.
  2337 | D:4      | Noticed Natasha
  2342 | D:4      | Killed Natasha
  2343 | D:4      | Reached skill level 5 in Axes
  2382 | D:4      | Reached skill level 1 in Stealth
  2382 | D:4      | Reached XP level 6. HP: 32/38 MP: 6/6
  2726 | D:4      | Noticed Natasha
  2742 | D:4      | Killed Natasha
  2894 | D:4      | Noticed Sigmund
  2909 | D:4      | Killed Sigmund
  2910 | D:4      | Reached skill level 6 in Axes
  2910 | D:4      | Reached XP level 7. HP: 43/43 MP: 7/7
  2952 | D:4      | Noticed Natasha
  2974 | D:4      | Killed Natasha
  3121 | D:5      | Entered Level 5 of the Dungeon
  3127 | D:5      | Found a sparkling altar of Nemelex Xobeh.
  3284 | D:5      | Found a blossoming altar of Fedhas.
  3290 | D:5      | Identified the +4 arbalest of Egomania {penet, rN++ Will-}
  3295 | D:5      | Gained mutation: Your mind is acute. (Int +4, Str/Dex -1)
                  | [potion of mutation]
  3295 | D:5      | Lost mutation: Your mind is acute. (Int +4, Str/Dex -1)
                  | [potion of mutation]
  3295 | D:5      | Gained mutation: You have sharp toenails. [potion of
                  | mutation]
  3530 | D:5      | Found a snail-covered altar of Cheibriados.
  3772 | D:6      | Reached XP level 8. HP: 48/48 MP: 8/8
  3957 | D:6      | Noticed Eustachio
  3962 | D:6      | Reached skill level 7 in Axes
  3982 | D:6      | Killed Eustachio
  4084 | D:6      | Reached skill level 5 in Fighting
  4256 | D:6      | Reached *** piety under Trog
  4294 | D:6      | Reached skill level 8 in Axes
  4430 | D:6      | Reached XP level 9. HP: 55/55 MP: 9/9
  5032 | D:7      | Noticed Joseph
  5040 | D:6      | Killed Joseph
  5041 | D:6      | Reached skill level 9 in Axes
  5041 | D:6      | Reached skill level 5 in Armour
  5304 | D:7      | Found a flagged portal.
  5324 | Bailey   | Entered a bailey
  5445 | Bailey   | Reached skill level 10 in Axes
  5547 | Bailey   | Reached XP level 10. HP: 27/61 MP: 10/10
  5905 | Bailey   | Found an iron altar of Okawaru.
  5906 | Bailey   | Noticed a kobold demonologist
  5907 | Bailey   | Noticed an orc high priest
  5922 | Bailey   | Noticed a sixfirhy
  5922 | Bailey   | Noticed a soul eater
  5922 | Bailey   | Killed an orc high priest
  5931 | Bailey   | Noticed a rust devil
  5946 | Bailey   | Noticed a smoke demon
  5958 | Bailey   | Killed a kobold demonologist
  5959 | Bailey   | Reached skill level 11 in Axes
  6250 | Bailey   | Noticed an orc knight
  6263 | Bailey   | Killed an orc knight
  6524 | D:7      | Acquired a manual of Axes
  6564 | D:7      | Found a runed translucent gate.
  6564 | D:7      | Found a runed translucent gate.
  6564 | D:7      | Found a runed translucent gate.
  6566 | D:7      | Found an opulent altar of Gozag.
  6567 | D:7      | Noticed DEFE's ghost (novice DsWn)
  6571 | D:7      | Found Lano's Distillery.
  6574 | D:7      | Bought a potion of heal wounds for 70 gold pieces
  6574 | D:7      | Bought a potion of heal wounds for 70 gold pieces
  6574 | D:7      | Bought a potion of heal wounds for 70 gold pieces
  6574 | D:7      | Bought a potion of might for 56 gold pieces
  6574 | D:7      | Bought a potion of might for 56 gold pieces
  6602 | D:7      | Found a staircase to the Ecumenical Temple.
  6934 | D:7      | Reached skill level 12 in Axes
  6946 | D:7      | Killed DEFE's ghost
  6947 | D:7      | Reached XP level 11. HP: 68/68 MP: 11/11
  7117 | D:8      | Reached **** piety under Trog
  7118 | D:8      | Reached skill level 13 in Axes
  7121 | D:8      | Noticed Prince Ribbit
  7129 | D:8      | Killed Prince Ribbit
  7215 | D:8      | Identified the +6 quarterstaff "Kostoy" {freeze, rElec rF-
                  | rN+++ rCorr}
  8063 | D:8      | Found an ancient bone altar of Kikubaaqudgha.
  8239 | D:9      | Noticed Erica
  8245 | D:9      | Killed Erica
  8250 | D:9      | Reached skill level 5 in Dodging
  8263 | D:9      | Found a glowing golden altar of the Shining One.
  8280 | D:9      | Noticed Grum
  8289 | D:9      | Killed Grum
  8336 | D:9      | Identified the +1 eveningstar of Medugh {freeze, +Blink
                  | rElec}
  8382 | D:9      | Found a staircase to the Lair.
  8837 | Lair:1   | Entered Level 1 of the Lair of Beasts
  8837 | Lair:1   | Found a gate leading to a gauntlet.
  8848 | Gauntlet | Entered a Gauntlet
  8848 | Gauntlet | Found a transporter.
  8848 | Gauntlet | Found a transporter.
  8849 | Gauntlet | Noticed a wizard
  8861 | Gauntlet | Killed a wizard
  8862 | Gauntlet | Reached skill level 14 in Axes
  8870 | Gauntlet | Found a transporter.
  8870 | Gauntlet | Found a transporter.
  8871 | Gauntlet | Identified the -1 pair of gloves of Cheibriados's Hope
                  | {Dex+2}
  8875 | Gauntlet | Noticed a death scarab
  8881 | Gauntlet | Found a transporter.
  8881 | Gauntlet | Found a transporter.
  8891 | Gauntlet | Found a transporter.
  8894 | Gauntlet | Found a runed translucent door.
  8895 | Gauntlet | Found a transporter.
  8895 | Gauntlet | Found a transporter.
  8895 | Gauntlet | Found a transporter.
  8898 | Gauntlet | Noticed a thrashing horror
  8920 | Gauntlet | Noticed a cyan ugly thing
  8922 | Gauntlet | Noticed a purple ugly thing
  8929 | Gauntlet | Noticed a great orb of eyes
  8934 | Gauntlet | Noticed a thrashing horror
  8947 | Gauntlet | Found a transporter.
  8958 | Gauntlet | Killed a purple ugly thing
  8962 | Gauntlet | Killed a purple ugly thing
  8975 | Gauntlet | Killed a great orb of eyes
  8977 | Gauntlet | Found a transporter.
  8984 | Gauntlet | Identified the +0 hat "Piad" {Rampage rF+ Str+2}
  9003 | Gauntlet | Noticed a minotaur
  9011 | Gauntlet | Demolished by a minotaur

Illustrated notes

Levels and vault maps discovered:
D:1:      saegor_arrival_simple_e, layout_loops_ring, minmay_misc_feat_diagonals
D:2:      layout_loops_ring
D:3:      layout_rooms, demons_altar, shapermc_ecumenical_altar_mp_urbaneastern,
          kennysheep_generic_room_9
D:4:      layout_basic, patterned_corridor, uniq_sigmund, uniq_natasha
D:5:      layout_rooms, cheibriados_altar_1,
          chequers_temple_overflow_statue_of_worship
D:6:      layout_cave_pods, serial_co_window_serial, co_window_corner_a,
          co_window_paths_b, co_window_paths_a, co_window_paths_a,
          co_window_corner_a, co_window_corner_a, co_window_paths_b,
          co_window_paths_a, co_window_corner_a, co_window_2corner,
          co_window_paths_c, co_window_unsneaky_path_c,
          co_window_unsneaky_path_e, co_window_corner_b, glass_columns_a,
          glass_columns_c, glass_columns_c, glass_columns_a, glass_columns_a,
          hangedman_abyss_or_decor_stagger, amcnicky_mini_pool_small,
          uniq_eustachio
D:7:      layout_rooms, minmay_temple_entry_mist, serial_shops,
          nicolae_shop_behind_doors, enter_bailey_2, ebering_ghost_gozag,
          kennysheep_generic_room_12, uniq_joseph
D:8:      layout_loops_ring, kennysheep_vampire_church, uniq_prince_ribbit1
D:9:      layout_gridville, mainiacjoe_overflow_small_starburst,
          lair_entry_dummy, serial_rivers, chequers_serial_rivers_micro_b,
          chequers_serial_rivers_room_a, chequers_serial_rivers_marsh,
          chequers_serial_rivers_micro_a, uniq_erica, uniq_grum
Lair:1:   minmay_lair_oklob_tunnel, layout_cave_shapes, gauntlet_entry_generic,
          pdpol_lair_neglected_garden, serial_bayou_pond_d, uniq_harold,
          uniq_fannar, uniq_nergalle
Gauntlet: minmay_gauntlet_77_indecision [minmay_gauntlet_arena_77_box,
          minmay_gauntlet_arena_77_p_blocks,
          minmay_gauntlet_arena_77_broken_ladder, minmay_gauntlet_arena_77_path,
          minmay_gauntlet_arena_77_checkered,
          minmay_gauntlet_arena_77_chump_sandwich, gauntlet_exit_green]

Skill      XL: |  1  2  3  4  5  6  7  8  9 10 11 |
---------------+----------------------------------+-----
Axes           | 3 4 5 6 8 10 12 14 | 14.8
Dodging        | 2 3 4 5 |  5.3
Fighting       | 4 5 6 8 9 |  9.1
Stealth        | 1 2 3 4 |  4.0
Armour         | 3 4 5 6 |  6.3
Throwing       | |  0.1

Action                     |  1- 3 |  4- 6 |  7- 9 | 10-12 || total
---------------------------+-------+-------+-------+-------++-------
  Melee: Hand axe          |    25 |       |       |       ||    25
         War axe           |   104 |   113 |   171 |       ||   388
         Punch             |     1 |     1 |     5 |       ||     7
         Kick              |       |       |    45 |    72 ||   117
         Battleaxe         |       |       |    64 |   276 ||   340
  Throw: Dart              |       |       |     2 |       ||     2
 Invoke: Berserk           |     3 |     3 |     8 |     6 ||    20
         Trog's Hand       |     1 |       |     5 |     9 ||    15
    Use: Scroll            |     2 |       |    13 |     3 ||    18
         Potion            |       |       |     3 |     1 ||     4
   Stab: Sleeping          |       |       |       |     2 ||     2
 Armour: Animal skin       |    51 |       |       |       ||    51
         Ring mail         |     9 |    34 |       |       ||    43
         Chain mail        |       |    38 |    41 |       ||    79
         Acid dragon scale |       |       |   154 |   145 ||   299
  Dodge: Dodged            |    94 |    66 |   247 |   218 ||   625

Table legend: (Time is in decaauts)
 A = Elapsed time spent in this place.
 B = Non-inter-level travel time spent in this place.
 C = Inter-level travel time spent in this place.
 D = Time resting spent in this place.
 E = Time spent auto-exploring this place.
 F = Levels seen in this place.
 G = Mean time per level.
                   A        B        C        D        E       F      G
               +--------+--------+--------+--------+--------+-----+--------+
         Total |   9328 |   9054 |    274 |    767 |   5989 |  12 |  777.3 |
       Dungeon |   7887 |   7613 |    274 |    253 |   5563 |   9 |  876.3 |
          Lair |     10 |     10 |      0 |      0 |      0 |   1 |   10.0 |
        Bailey |   1258 |   1258 |      0 |    511 |    426 |   1 | 1258.0 |
      Gauntlet |    172 |    172 |      0 |      3 |      0 |   1 |  172.0 |
               +--------+--------+--------+--------+--------+-----+--------+

Top non-repeatable levels by time:
     D:6: 1545 daAuts
  Bailey: 1258 daAuts
     D:8: 1192 daAuts
     D:4: 865 daAuts
     D:1: 811 daAuts
     D:2: 794 daAuts
     D:3: 786 daAuts
     D:5: 671 daAuts
     D:9: 612 daAuts
     D:7: 609 daAuts
Gauntlet: 172 daAuts
  Lair:1: 10 daAuts
